AoeStats
← gilabertantonio17

MegaRandom

508013689Analyzed
2v2 RM · 11d ago on Sep 20, 2026· 65m 5s· 4 players
Game mode
Random Map
Map size
Medium (4 player)
Population
200
Speed
Normal
Resources
Standard
Victory
Conquest
Starting age
Dark Age
Ending age
Imperial Age
RankedLock teamsTeams togetherTeam positionsShared explorationLock speedFull tech treeHidden civsTurbo modeCheats
Victory
Defeat
🇷🇺 Saracens · Russia
685
+19
🇷🇺 Turks · Russia
671
+20
🇪🇸 Spanish · Spain
779
-20
🇪🇸 Spanish · Spain
736
-19
Hash
13:01 Feudal Age
14:35 Wheelbarrow
13:48 Horse Collar
13:55 Double-Bit Axe
14:04 Gold Mining
17:22 Stone Mining
25:24 Castle Age
30:35 Imperial Age
29:09 Gold Shaft Mining
29:01 Bow Saw
29:26 Husbandry
29:37 Bloodlines
31:15 Heavy Plow
32:10 Conscription
35:34 Treadmill Crane
36:06 Fortified Wall
36:07 Masonry
36:18 Ballistics
35:54 Murder Holes
39:09 Architecture
39:37 Forging
41:48 Hand Cart
41:40 Cavalier
45:55 Artillery
47:54 Elite Janissary
49:54 Town Watch
VET
11:18 Feudal Age
11:50 Double-Bit Axe
12:42 Wheelbarrow
12:08 Horse Collar
13:50 Gold Mining
15:25 Stone Mining
16:33 Fishing Lines
23:11 Castle Age
21:47 Forging
21:43 Scale Barding Armor
24:14 Bow Saw
24:23 Hand Cart
25:18 Heavy Plow
29:01 Gillnets
29:09 Treadmill Crane
29:50 Ballistics
29:26 Murder Holes
32:06 Gold Shaft Mining
32:30 Iron Casting
32:11 Bloodlines
32:38 Town Watch
32:39 Loom
37:52 Imperial Age
35:28 Town Patrol
36:01 Chain Barding Armor
35:33 Fletching
35:57 Masonry
36:03 Husbandry
38:03 Heavy Camel Rider
38:45 Bodkin Arrow
38:45 Arrowslits
39:11 Fortified Wall
39:07 Siege Engineers
40:26 Chemistry
42:45 Conscription
41:50 Elite Mameluke
44:07 Pikeman
44:50 Squires
44:37 Arson
45:58 Blast Furnace
45:33 Plate Barding Armor
44:59 Bracer
45:00 Padded Archer Armor
46:40 Hoardings
46:16 Counterweights
46:17 Bimaristan
50:57 Leather Archer Armor
50:42 Scale Mail Armor
50:53 Siege Engineers
50:59 Fortified Wall
50:16 Onager
63:56 Two-Man Saw
63:23 Redemption
63:33 Sanctity
63:14 Devotion
63:15 Atonement
63:40 Illumination
63:26 Fervor
63:31 Block Printing
63:12 Herbal Medicine
63:53 Theocracy
63:38 Heresy
63:50 Ring Archer Armor
63:36 Chain Mail Armor
63:34 Medium Warships
62:45 Demolition Ship
62:45 Elite Cannon Galleon
63:21 Guard Tower
63:42 Careening
63:43 Clinker Construction
63:39 Siphons
64:16 Man-at-Arms
64:41 Gambesons
64:19 Crossbowman
65:04 Thumb Ring
64:20 Elite Skirmisher
64:21 Heavy Cavalry Archer
65:26 Parthian Tactics
64:25 Light Cavalry
oomorfeoo
0:31 Loom
10:46 Feudal Age
13:14 Horse Collar
13:24 Double-Bit Axe
16:45 Wheelbarrow
21:50 Castle Age
21:56 Stone Mining
21:59 Gold Mining
23:36 Hand Cart
24:00 Bow Saw
23:54 Heavy Plow
27:36 Stone Shaft Mining
33:14 Imperial Age
32:14 Husbandry
36:14 Two-Man Saw
34:42 Cavalier
37:47 Chemistry
37:07 Ballistics
40:26 Bombard Tower
40:17 Masonry
41:45 Scale Barding Armor
41:41 Scale Mail Armor
43:35 Chain Mail Armor
43:41 Chain Barding Armor
47:39 Hoardings
47:05 Arson
47:20 Squires
46:40 Pikeman
50:09 Plate Barding Armor
50:05 Plate Mail Armor
49:35 Padded Archer Armor
49:26 Fletching
49:46 Forging
49:00 Halberdier
55:34 Supremacy
54:45 Sappers
56:35 Paladin
59:03 Leather Archer Armor
58:44 Bodkin Arrow
59:24 Iron Casting
gilabertantonio17
12:51 Feudal Age
13:20 Double-Bit Axe
13:49 Horse Collar
15:02 Wheelbarrow
14:15 Town Watch
14:24 Stone Mining
14:28 Gold Mining
20:05 Castle Age
20:54 Heavy Plow
21:24 Bow Saw
21:34 Hand Cart
22:57 Stone Shaft Mining
22:26 Town Patrol
26:20 Scale Mail Armor
26:31 Forging
26:11 Fletching
26:22 Padded Archer Armor
26:27 Scale Barding Armor
27:12 Fortified Wall
27:24 Ballistics
28:00 Chain Mail Armor
29:57 Iron Casting
29:18 Bodkin Arrow
29:38 Leather Archer Armor
31:36 Fishing Lines
31:30 Pikeman
32:11 Squires
31:57 Arson
34:56 Husbandry
37:53 Imperial Age
36:51 Chain Barding Armor
37:56 Cavalier
40:37 Conscription
40:46 Caravan
40:45 Gillnets
42:38 Plate Barding Armor
42:34 Plate Mail Armor
43:04 Blast Furnace
44:55 Two-Man Saw
43:26 Halberdier
43:39 Elite Skirmisher
44:58 Ring Archer Armor
44:28 Bracer
44:59 Plate Mail Armor
47:52 Paladin
53:24 Elite Conquistador
Connection lost

Rejoining the realm…

Still unreachable

The connection could not be restored.

Session expired

The server has moved on; the page needs a fresh start.